 Dungeon Crawl Stone Soup version 0.21.1-1-g345015fe64 (webtiles) character file.

23 Lusmu the Skirmisher (level 2, 0/26 HPs)
             Began as a Ghoul Fighter on Apr 22, 2018.
             Slain by Sigmund
             ... wielding a +0 scythe
              (1 damage)
             ... on level 2 of the Dungeon.
             The game lasted 00:03:56 (1088 turns).

Lusmu the Skirmisher (Ghoul Fighter)                Turns: 1088, Time: 00:03:56

Health: 0/26       AC:  8    Str: 24    XL:     2   Next: 95%
Magic:  1/1        EV:  7    Int:  3    God:
Gold:   58         SH:  0    Dex:  8    Spells: 1/1 levels left

rFire    . . .     SeeInvis .   a - +0 war axe
rCold    + . .     Gourm    .   c - +0 shield
rNeg     + + +     Faith    .   b - +0 scale mail
rPois    ∞         Spirit   .   (no helmet)
rElec    .         Reflect  .   (no cloak)
rCorr    .         Harm     .   o - +1 pair of gloves
MR       .....                  (no boots)
Stlth    ..........             n - amulet of regeneration (curse)
HPRegen  0.00/turn              (no ring)
MPRegen  0.07/turn              (no ring)

@: confused, mighty, rotting
A: rotting body, claws 1, carnivore, cold resistance 1, negative energy
resistance 3, inhibited regeneration, torment resistance, unbreathing
a: no special abilities


You were on level 2 of the Dungeon.
You were not hungry.

You visited 1 branch of the dungeon, and saw 2 of its levels.

You collected 58 gold pieces.

Inventory:

Hand Weapons
 a - a +0 war axe (weapon)
Missiles
 i - 43 bolts
Armour
 b - a +0 scale mail (worn)
 c - a +0 shield (worn)
 o - a +1 pair of gloves (worn)
Jewellery
 n - a cursed amulet of regeneration (around neck)
Scrolls
 e - a scroll of identify {unknown}
 g - a scroll of remove curse
 j - a scroll of enchant armour {unknown}
 l - a scroll of magic mapping {unknown}
 p - a scroll of blinking {unknown}
Comestibles
 f - a ration


   Skills:
 - Level 3.2 Fighting
 * Level 2.7 Axes
 - Level 2.6 Armour
 + Level 3.0 Shields


You had one spell level left.
You didn't know any spells.

Dungeon Overview and Level Annotations

Branches:
Dungeon (2/15)

Altars:

Annotations:
D:2 Sigmund


Innate Abilities, Weirdness & Mutations

Your body is rotting away.
You thrive on raw meat.
You are immune to poison.
You have sharp fingernails.
You are carnivorous and can eat meat at any time.
Your flesh is cold resistant. (rC+)
You are immune to negative energy. (rN+++)
You do not regenerate when monsters are visible.
You are immune to unholy pain and torment.
You can survive without breathing.


Message History

Okay, then.
It was a potion of haste.
You feel yourself speed up.
It was a potion of cancellation.
Your magical effects are unravelling.
You feel magically purged.
You feel yourself slow down. Sigmund hits you but does no damage.
You feel very mighty all of a sudden. Sigmund hits you with a scythe.
* * * LOW HITPOINT WARNING * * *
Your shield and scale mail prevent you from hitting Sigmund.
Sigmund points at you and mumbles some strange words.
You are confused.
Your shield and scale mail prevent you from hitting Sigmund.
Sigmund points at you and mumbles some strange words.
You are more confused.
Sigmund hits you with a scythe.
* * * LOW HITPOINT WARNING * * *
Sigmund hits you with a scythe.
You die...

..[ .# ##..# .....
..######...###.....
......#..#.#...... #
...........!...# ..
##............## ...
##..............##...
##...........@........
##..##.......@...$# #...
##......(...#######.
####..####....##..[.........
#.....#.....#####.##.......#
#....#.....##.............(.
##.....<......###...#.......
.........####.# ###........#
.......### # ###.....<.
.....### ......#


You could see Sigmund.

Vanquished Creatures
  A dart slug (D:1)
  A leopard gecko (D:2)
  3 goblins (D:1)
  3 hobgoblins (D:1)
  2 jackals (D:1)
  A kobold (D:1)
  5 bats (D:1)
  4 rats (D:1)
20 creatures vanquished.

Notes
Turn   | Place    | Note
-------+----------+-------------------------------------------
     0 | D:1      | Lusmu the Ghoul Fighter began the quest for the Orb.
     0 | D:1      | Reached XP level 1. HP: 19/19 MP: 0/0
   307 | D:1      | Reached XP level 2. HP: 24/26 MP: 1/1
   980 | D:2      | Noticed Sigmund
  1086 | D:2      | HP: 1/26 [Sigmund/scythe (2)]
  1088 | D:2      | Slain by Sigmund

Skill      XL: |  1  2 |
---------------+-------+-----
Axes           | 2 |  2.7
Shields        | 3 |  3.0
Fighting       | |  3.2
Armour         | |  2.6

Action                   || total
-------------------------++-------
Melee: War axe           ||    18
       Hand axe          ||    48
  Use: Potion            ||     3
       Scroll            ||     1
  Eat: Chunk             ||     4
Armor: Scale mail        ||    44
Dodge: Dodged            ||    22
Block: Shield            ||    40
